 Dungeon Crawl Stone Soup version 0.20.1-1-g8b1a95d (webtiles) character file.

102 40fy the Skirmisher (level 4, -16/41 HPs)
             Began as a Minotaur Abyssal Knight on Dec 1, 2017.
             Was a Follower of Lugonu.
             Demolished by tamerofbeasts's ghost (17 damage)
             ... on level 3 of the Dungeon.
             The game lasted 00:06:11 (2690 turns).

40fy the Skirmisher (Minotaur Abyssal Knight)       Turns: 2690, Time: 00:06:12

Health: -16/41     AC:  3    Str: 17    XL:     4   Next: 50%
Magic:  4/4        EV: 11    Int:  9    God:    Lugonu [*.....]
Gold:   198        SH:  0    Dex: 10    Spells: 3/3 levels left

rFire    . . .     SeeInvis .   a - +1 mace
rCold    . . .     Gourm    .   (no shield)
rNeg     . . .     Faith    .   b - +0 leather armour
rPois    .         Spirit   .   (helmet restricted)
rElec    .         Reflect  .   (no cloak)
rCorr    .         Harm     .   (no gloves)
MR       .....                  (no boots)
Stlth    +.........             (no amulet)
Regen    0.2/turn               (no ring)
MPRegen  0.1/turn               (no ring)

@: no status effects
A: retaliatory headbutt, horns 2
a: Depart the Abyss, Renounce Religion


You were on level 3 of the Dungeon.
You worshipped Lugonu.
Lugonu was aware of your devotion.
You were not hungry.

You visited 1 branch of the dungeon, and saw 3 of its levels.
You visited the Abyss 1 time.

You collected 198 gold pieces.

Inventory:

Hand Weapons
 a - a +1 mace (weapon)
Armour
 b - a +0 leather armour (worn)
Jewellery
 i - an uncursed amulet of harm {unknown}
Scrolls
 e - 2 scrolls of identify {unknown}
 f - a scroll of blinking {unknown}
 g - 4 scrolls of teleportation {unknown}
 h - 3 scrolls of enchant armour {unknown}
 j - 3 scrolls of remove curse {unknown}
Potions
 d - a potion of lignification {unknown}
 n - a potion of flight {unknown}
 o - a potion of cancellation {unknown}
Comestibles
 c - a bread ration
 k - a fruit
 l - a royal jelly
 m - 2 chunks of flesh


   Skills:
 + Level 4.8 Fighting
 + Level 3.7 Maces & Flails
 + Level 3.3 Armour
 - Level 1.1 Dodging
 + Level 0.8 Stealth
 + Level 2.0 Invocations


You had 3 spell levels left.
You didn't know any spells.

Dungeon Overview and Level Annotations

Branches:
Dungeon (3/15)

Altars:

Annotations:
D:3 tamerofbeasts's ghost, amateur MiFi


Innate Abilities, Weirdness & Mutations

You reflexively headbutt those who attack you in melee.
You have a pair of horns on your head.


Message History

You barely miss tamerofbeasts's ghost. Tamerofbeasts's ghost misses you.
Tamerofbeasts's ghost hits you!
You hit tamerofbeasts's ghost.
Tamerofbeasts's ghost is lightly damaged.
Tamerofbeasts's ghost barely misses you.
Your leather armour prevents you from hitting tamerofbeasts's ghost.
You headbutt tamerofbeasts's ghost, but do no damage.
Tamerofbeasts's ghost is lightly damaged.
Tamerofbeasts's ghost hits you but does no damage.
You barely miss tamerofbeasts's ghost.
Tamerofbeasts's ghost is lightly damaged.
Tamerofbeasts's ghost hits you!
You barely miss tamerofbeasts's ghost.
Tamerofbeasts's ghost is lightly damaged.
Tamerofbeasts's ghost hits you!
* * * LOW HITPOINT WARNING * * *
You hit tamerofbeasts's ghost but do no damage.
Tamerofbeasts's ghost is lightly damaged.
Tamerofbeasts's ghost hits you!
You die...

#. #. #. ######## #.
#......# #. #####......#
# #. #..........#
#...##.##...[......#####
....'...@W..............
....##'##.....##'######
. #......†#####.#
#.......#####.#######
.'.....(.............#
###......######.#####.##
#......# #.# #..#
######## #.# ##.# #.#
#.#


You could see tamerofbeasts's ghost.

Vanquished Creatures
  Natasha (D:3)
  3 adders (D:2)
  An ooze (D:1)
  A dart slug (D:2)
  3 ball pythons
  5 bats
  2 giant cockroaches
  4 goblins
  8 hobgoblins
  A quokka (D:2)
  4 frilled lizards
  4 kobolds
  9 rats
46 creatures vanquished.

Notes
Turn   | Place    | Note
-------+----------+-------------------------------------------
     0 | Abyss:1  | 40fy the Minotaur Abyssal Knight began the quest for the Orb.
     0 | Abyss:1  | Reached XP level 1. HP: 19/19 MP: 1/1
    57 | Abyss:1  | Noticed a tentacled starspawn
    76 | D:1      | Escaped the Abyss
   265 | D:1      | Reached XP level 2. HP: 24/27 MP: 2/2
   316 | D:1      | Reached skill level 4 in Fighting
   413 | D:1      | Reached * piety under Lugonu
   982 | D:2      | Reached XP level 3. HP: 17/34 MP: 3/3
  1959 | D:2      | Reached XP level 4. HP: 32/41 MP: 4/4
  2295 | D:3      | Noticed Natasha
  2304 | D:3      | Killed Natasha
  2664 | D:3      | Noticed tamerofbeasts's ghost (amateur MiFi)
  2689 | D:3      | HP: 1/41 [tamerofbeasts's ghost (15)]
  2690 | D:3      | Demolished by tamerofbeasts's ghost

Skill      XL: |  1  2  3 |
---------------+----------+-----
Fighting       | 4 |  4.8
Armour         | 3 |  3.3
Maces & Flails | 3 |  3.7
Invocations    | 2 |  2.0
Dodging        | |  1.1
Stealth        | |  0.8

Action                   |  1- 3 |  4- 6 || total
-------------------------+-------+-------++-------
Melee: Mace              |    75 |    38 ||   113
       Headbutt          |     8 |     8 ||    16
Invok: Depart the Abyss  |     1 |       ||     1
  Eat: Chunk             |     3 |     3 ||     6
Armor: Leather armour    |    15 |     5 ||    20
Dodge: Dodged            |    58 |    18 ||    76
